 Dungeon Crawl Stone Soup version 0.31-a0-167-g1c394c0614 (webtiles) character file.

Game seed: 6539875853771362654

1647 Moral the Grappler (level 8, 0/80 HPs)
             Began as a Troll Berserker on June 15, 2023.
             Was an Elder of Trog.
             Slain by an orc
             ... wielding a +0 flail
              (7 damage)
             ... on level 7 of the Dungeon.
             The game lasted 00:10:40 (5304 turns).

Moral the Grappler (Troll Berserker)                Turns: 5304, Time: 00:10:41

Health: 0/80       AC:  5    Str: 28    XL:     8   Next: 67%
Magic:  7/7        EV: 11    Int:  3    God:    Trog [****..]
Gold:   301        SH:  0    Dex:  9    Spells: 7/7 levels left

rFire   . .          .
                       - Unarmed
rCold   . . .        (no shield)
rNeg    . . .        a - +0 animal skin
rPois   .            (helmet restricted)
rElec   .            d - +0 cloak
rCorr   +            (gloves unavailable)
SInv    .            (boots unavailable)
Will    .....        (no amulet)
Stlth   +            g - ring of resist corrosion
HPRegen 1.13/turn    (no ring)
MPRegen 0.10/turn

%: no passive effects
@: lethally poisoned (0 -> -9), on berserk cooldown
A: large, unfitting armour, claws 3, regeneration 1, shaggy fur 1, tough skin 1
a: Renounce Religion, Berserk, Trog's Hand, Brothers in Arms


You were on level 7 of the Dungeon.
You worshipped Trog.
Trog was greatly pleased with you.
You visited 1 branch of the dungeon, and saw 7 of its levels.

You collected 364 gold pieces.
You spent 63 gold pieces at shops.

Inventory:

Armour
 a - a +0 animal skin (worn)
 d - a +0 cloak (worn)
Jewellery
 g - a ring of resist corrosion (left claw)
 x - a ring of see invisible
Wands
 p - a wand of digging (6)
 w - a wand of flame (16)
Scrolls
 c - 8 scrolls of identify {unknown}
 h - a scroll of immolation {unknown}
 j - 2 scrolls of acquirement {unknown}
 k - 2 scrolls of noise {unknown}
 l - 2 scrolls of vulnerability {unknown}
 m - a scroll of fear {unknown}
 n - 2 scrolls of butterflies {unknown}
 o - a scroll of blinking {unknown}
 q - a scroll of teleportation {unknown}
 u - a scroll of revelation {unknown}
Potions
 b - a potion of might {unknown}
 e - a potion of lignification {unknown}
 f - a potion of mutation {unknown}
 i - 4 potions of curing {unknown}
 r - a potion of degeneration {unknown}
 s - a potion of brilliance {unknown}
 t - a potion of heal wounds {unknown}
 v - a potion of haste {unknown}


   Skills:
 + Level 5.1 Fighting
 + Level 5.2 Dodging
 * Level 8.4 Unarmed Combat


You had 7 spell levels left.
You didn't know any spells.
Your spell library was empty.

Dungeon Overview and Level Annotations

Branches:
Dungeon (7/15)             Temple (0/1) D:4

Altars:
Cheibriados
Fedhas
Trog
Uskayaw

Shops:
D:4 [*

Annotations:
D:7 Dowan


Innate Abilities, Weirdness & Mutations

You are too large for most types of armour.
You have claws for hands.
Your natural rate of healing is unusually fast.
You are covered in fur. (AC +1)
You have tough skin. (AC +1)


Message History

The water moccasin closely misses you. The orc hits you but does no damage.
The orc hits you with a +0 club.
You barely miss the water moccasin.
You feel sick. The water moccasin bites you.
You are more poisoned.
The water moccasin poisons you!
The orc hits you from afar with a +0 trident.
The orc hits you with a +0 club. The water moccasin bites you!
You closely miss the water moccasin.
You feel very sick. The orc barely misses you. The water moccasin bites you!
You're still recovering from your berserk rage.
You scratch the orc but do no damage.
You feel very sick. The water moccasin barely misses you.
The orc barely misses you.
The orc hits you from afar with a +0 trident.
The orc hits you with a +0 club.
You don't know any spells.
You're still recovering from your berserk rage.
You fail to use your ability.
You feel very sick. The water moccasin bites you! The orc misses you.
The orc closely misses you. The orc hits you with a +0 club.
You fail to use your ability.
You feel very sick. The water moccasin bites you.
* * * LOW HITPOINT WARNING * * *
The water moccasin bites you.
* * * LOW HITPOINT WARNING * * *
You are more poisoned.
The water moccasin poisons you! The orc barely misses you.
The orc closely misses you. The orc barely misses you.
You fail to use your ability.
* * * LOW HITPOINT WARNING * * *
You feel very sick.
The water moccasin bites you but does no damage.
The orc hits you with a +0 club.
* * * LOW HITPOINT WARNING * * *
The orc hits you with a +0 flail!
You die...

....... ..#.........#
#..#.# ..#..........
#..... ....).......#
...... .:..........#
....# ..##........##
...#
..##.........###.o.#
.))...#......#.)#o#
)####.#.......).@o# .#
#..#......#..S..#
)####....#..###.(......
.........#### ##....###
..........# #.####
.....)...## ..#
..........# .##
............. #
.............


You could see a water moccasin and 3 orcs.

Vanquished Creatures
  The ghost of Dittersdorf the Shield-Bearer, an amateur GrFi (D:3)
  2 water moccasins
  2 ice beasts
  2 black bears (D:5)
  A phantom (D:5)
  A kobold brigand (D:7)
  A bullfrog (D:4)
  3 scorpions (D:5)
  Blork the orc (D:4)
  An orc priest (D:6)
  A jelly (D:5)
  Crazy Yiuf (D:4)
  6 hounds
  3 iguanas
  A mummy (D:4)
  6 adders
  A white imp (D:5)
  2 ufetubi
  2 dart slugs
  3 worms
  9 orcs
  8 ball pythons
  12 bats
  8 endoplasms
  3 giant cockroaches
  6 goblins
  4 hobgoblins
  2 jackals (D:1)
  8 kobolds
  A quokka (D:3)
  A frilled lizard (D:1)
  7 rats
110 creatures vanquished.

Notes
Turn   | Place    | Note
-------+----------+-------------------------------------------
     0 | D:1      | Moral the Troll Berserker began the quest for the Orb.
     0 | D:1      | Reached XP level 1. HP: 22/22 MP: 0/0
   100 | D:1      | Reached XP level 2. HP: 29/29 MP: 1/1
   322 | D:1      | Reached ** piety under Trog
   431 | D:1      | Reached XP level 3. HP: 36/36 MP: 2/2
   997 | D:2      | Found a faded altar of an unknown god.
  1084 | D:2      | Reached skill level 4 in Unarmed Combat
  1664 | D:3      | Reached XP level 4. HP: 44/44 MP: 3/3
  1815 | D:3      | Found a runed translucent gate.
  1815 | D:3      | Found a runed translucent gate.
  1815 | D:3      | Found a runed translucent gate.
  1820 | D:3      | Noticed Dittersdorf's ghost (amateur GrFi)
  1845 | D:3      | Killed Dittersdorf's ghost
  1846 | D:3      | Reached XP level 5. HP: 33/53 MP: 4/4
  2300 | D:4      | Found a staircase to the Ecumenical Temple.
  2311 | D:4      | Reached skill level 5 in Unarmed Combat
  2318 | D:4      | Reached XP level 6. HP: 20/61 MP: 5/5
  2502 | D:4      | Found Rilobe's General Store.
  2517 | D:4      | Noticed Blork the orc
  2527 | D:4      | Killed Blork the orc
  2827 | D:4      | Reached *** piety under Trog
  2843 | D:4      | Noticed an ice beast
  2850 | D:4      | Killed an ice beast
  2903 | D:4      | Found Gouj Tubbecw's Armour Shoppe.
  2916 | D:4      | Bought a +0 helmet for 63 gold pieces
  2945 | D:4      | Found a runed translucent door.
  2946 | D:4      | Noticed Crazy Yiuf
  2983 | D:4      | Reached skill level 6 in Unarmed Combat
  2983 | D:4      | Reached XP level 7. HP: 47/68 MP: 6/6
  3141 | D:4      | Found a snail-covered altar of Cheibriados.
  3254 | D:4      | Killed Crazy Yiuf
  3332 | D:5      | Entered Level 5 of the Dungeon
  3399 | D:5      | Noticed a +0 dagger
  3401 | D:5      | Noticed a +0 dagger
  3412 | D:5      | Found a hide-covered altar of Uskayaw.
  3484 | D:5      | Found a bloodstained altar of Trog.
  3495 | D:5      | Reached skill level 7 in Unarmed Combat
  3631 | D:5      | Reached XP level 8. HP: 42/79 MP: 7/7
  3883 | D:5      | Found a blossoming altar of Fedhas.
  4310 | D:6      | Reached skill level 8 in Unarmed Combat
  4386 | D:6      | Reached skill level 5 in Fighting
  4386 | D:6      | Reached skill level 5 in Dodging
  5264 | D:7      | Reached **** piety under Trog
  5295 | D:7      | Noticed Dowan
  5304 | D:7      | Slain by an orc

Illustrated notes

Levels and vault maps discovered:
D:1:      ncdulo_wetmaze, layout_loops_ring, minmay_misc_feat_room,
          chequers_serial_rivers_room_b, chequers_hall_statues_corner_a,
          hangedman_decor_push, dreamdust_mushroom_princess
D:2:      layout_basic, dreamdust_ecumenical_altar_grove
D:3:      layout_loops_cross, ebering_ghost_rock_garden, kennysheep_cross_room
D:4:      layout_loops_ring, slow_altar_2, temple_pool_b, serial_shops, shop,
          nicolae_shop_tiny_glass, minmay_misc_feat_cross, uniq_blork_the_orc,
          uniq_crazy_yiuf_cottage
D:5:      layout_cave_pods, fedhas_altar_fruit_tree, trog_ov_bears_minmay,
          dancing_weapons_uskayaw, guppyfry_early_lair_pool
D:6:      layout_basic
D:7:      layout_cave_pools, serial_shops, nicolae_square_shop, minivault_5,
          uniq_duvessa

Skill      XL: |  1  2  3  4  5  6  7  8 |
---------------+-------------------------+-----
Unarmed Combat | 4 5 6 7 8 |  8.4
Dodging        | 3 4 5 |  5.2
Fighting       | 3 4 5 |  5.1

Action                     |  1- 3 |  4- 6 |  7- 9 || total
---------------------------+-------+-------+-------++-------
  Melee: Unarmed           |   111 |    82 |   121 ||   314
         Punch             |     3 |     2 |     4 ||     9
 Invoke: Berserk           |       |       |     1 ||     1
 Armour: Animal skin       |    48 |    23 |    54 ||   125
  Dodge: Dodged            |    79 |    34 |    67 ||   180

Table legend: (Time is in decaauts)
 A = Elapsed time spent in this place.
 B = Non-inter-level travel time spent in this place.
 C = Inter-level travel time spent in this place.
 D = Time resting spent in this place.
 E = Time spent auto-exploring this place.
 F = Levels seen in this place.
 G = Mean time per level.
                   A        B        C        D        E       F      G
               +--------+--------+--------+--------+--------+-----+--------+
         Total |   5283 |   5114 |    169 |    273 |   3768 |   7 |  754.7 |
       Dungeon |   5283 |   5114 |    169 |    273 |   3768 |   7 |  754.7 |
               +--------+--------+--------+--------+--------+-----+--------+

Top non-repeatable levels by time:
     D:4: 1035 daAuts
     D:6: 982 daAuts
     D:5: 905 daAuts
     D:1: 870 daAuts
     D:3: 866 daAuts
     D:2: 543 daAuts
     D:7: 81 daAuts
